 Dungeon Crawl Stone Soup version 0.30.0-5-g1a98f26d00 (webtiles) character file.

Game seed: 12557072224643098303

9129 buriedalive the Nimble (level 11, -2/68 HPs)
             Began as a Deep Elf Ice Elementalist on May 11, 2023.
             Was a Believer of Ashenzari.
             Engulfed by a fire crab's flame (15 damage)
             ... on level 11 of the Dungeon on May 12, 2023.
             The game lasted 00:33:21 (13132 turns).

buriedalive the Nimble (Deep Elf Ice Elementalist) Turns: 13132, Time: 00:33:22

Health: -2/68      AC: 17    Str:  5    XL:     11   Next: 19%
Magic:  23/23      EV: 16    Int: 25    God:    Ashenzari [**....]
Gold:   429        SH:  0    Dex: 15    Spells: 9/23 levels left

rFire   . . .        j - +0 scimitar "Omniscient Gnosis" {holy, Self, Melee} (curse)
rCold   + . .        (no shield)
rNeg    . . .        E - +1 leather armour {Will+}
rPois   +            K - +2 helmet
rElec   .            o - +0 cloak of the Chained Doubts {rPois, Elem, Self} (curse)
rCorr   .            y - +0 pair of gloves "Chained With Me" {Evo, Alch} (curse)
SInv    +            F - +2 pair of boots
Will    ++...        (no amulet)
Stlth   ++           m - +4 ring of protection
HPRegen 0.31/turn    (no ring)
MPRegen 0.18/turn

%: no passive effects
@: hasted, very quick
A: cold resistance 1
a: Renounce Religion, Curse Item, Shatter the Chains


You were on level 11 of the Dungeon.
You worshipped Ashenzari.
Ashenzari was pleased with you.
You visited 1 branch of the dungeon, and saw 11 of its levels.

You collected 565 gold pieces.
You spent 136 gold pieces at shops.

Inventory:

Hand Weapons
 j - the cursed +0 scimitar "Omniscient Gnosis" (weapon) {holy, Self, Melee}
   (You found it on level 5 of the Dungeon)

   It has a curse which improves the following skills: Introspection: Fighting
   and Spellcasting.
   Melee Combat: Short Blades, Long Blades, Axes, Maces & Flails, Polearms,
   Staves and Unarmed Combat.
Missiles
 c - 128 stones
 r - 13 poisoned darts
Armour
 a - a +0 robe
 n - a +1 cloak
 o - the cursed +0 cloak of the Chained Doubts (worn) {rPois, Elem, Self}
   (You bought it in a shop on level 8 of the Dungeon)

   It has a curse which improves the following skills: Elements: Fire Magic, Ice
   Magic, Air Magic and Earth Magic.
   Introspection: Fighting and Spellcasting.
 y - the cursed +0 pair of gloves "Chained With Me" (worn) {Evo, Alch}
   (You found it on level 6 of the Dungeon)

   It has a curse which improves the following skills: Evocations: Evocations.
   Alchemy:   Poison Magic and Transmutations.
 B - +0 gold dragon scales
 E - a +1 leather armour of willpower (worn)
 F - a +2 pair of boots (worn)
 K - a +2 helmet (worn)
Magical Staves
 G - a staff of cold
Jewellery
 m - a +4 ring of protection (left hand)
Wands
 d - a wand of digging (4)
 k - a wand of polymorph (4)
 C - a wand of flame (26)
 I - a wand of paralysis (10)
Scrolls
 g - 10 scrolls of identify
 i - 2 scrolls of immolation
 l - a scroll of blinking
 p - 2 scrolls of poison
 q - 3 scrolls of magic mapping
 t - a scroll of teleportation
 u - 3 scrolls of amnesia
 H - a scroll of butterflies
Potions
 b - 4 potions of magic
 e - 3 potions of lignification
 h - 5 potions of mutation
 s - 2 potions of might
 v - 2 potions of curing
 w - a potion of invisibility
 x - 3 potions of flight
 z - 4 potions of brilliance
 D - 2 potions of cancellation
Miscellaneous
 J - a piece from Xom's chessboard (15/15)


   Skills:
 + Level 6.0(7.7) Fighting
 + Level 4.3 Armour
 - Level 11.0 Dodging
 - Level 2.4 Stealth
 - Level 5.0(6.7) Spellcasting
 - Level 6.1 Summonings
 + Level 4.6 Translocations
 - Level 10.8(11.9) Ice Magic


You had 9 spell levels left.
You knew the following spells:

 Your Spells              Type           Power      Damage    Failure   Level
a - Freeze                Ice            100%       1d10      1%          1
b - Ozocubu's Armour      Ice            62%        N/A       1%          3
c - Frozen Ramparts       Ice            100%       1d16      1%          3
d - Summon Ice Beast      Ice/Summ       52%        N/A       2%          4
e - Teleport Other        Tloc           31%        N/A       4%          3

Your spell library contained the following spells:

 Spells                   Type           Power      Damage    Failure   Level
 Lesser Beckoning         Tloc           62%        N/A       2%          2
 Gell's Gravitas          Tloc           31%        N/A       4%          3
 Summon Lightning Spire   Summ/Air       24%        N/A       30%         4
 Inner Flame              Hex/Fire       8%         N/A       32%         3
 Airstrike                Air            4%         2d(1-17)  71%         4
 Dispersal                Tloc           15%        N/A       94%         6
 Silence                  Hex/Air        4%         N/A       96%         5
 Yara's Violent Unravell  Hex/Tmut       4%         3d4       96%         5
 Enfeeble                 Hex            4%         N/A       100%        7


Dungeon Overview and Level Annotations

Branches:
Dungeon (11/15)            Temple (0/1) D:7            Lair (0/5) D:11
    Orc (0/2) D:9

Altars:
Ashenzari
Hepliaklqana
Okawaru
Qazlal
Trog
Wu Jian

Shops:
D:5 *   D:8 [

Portals:
Trove: D:10 (give 7 potions of haste)

Annotations:
D:10 1 runed translucent door, ojifijod's ghost, journeyman VSBr


Innate Abilities, Weirdness & Mutations

Your flesh is cold resistant. (rC+)


Message History

The centaur closely misses you. The centaur hits you. The centaur kicks you.
You slash the centaur!
The centaur is severely wounded.
The centaur hits you but does no damage.
The centaur kicks you but does no damage.
The centaur hits you but does no damage.
The centaur kicks you but does no damage.
You hit the centaur but do no damage.
You punch the centaur, but do no damage.
The centaur is severely wounded.
The centaur hits you. The centaur barely misses you.
The centaur closely misses you. The centaur barely misses you.
You slash the centaur!
You kill the centaur!
Things that are here:
a +0 shortbow; a centaur corpse
There is an open door here.
You start resting.
HP restored.
(D) Dungeon (T) Temple (L) Lair (O) Orcish Mines
Where to? (Enter - D:11 @ (x,y), ? - help)
The fire crab breathes flames at you.
The blast of flame engulfs you but does no damage.
You are engulfed in blazing flames.
Unknown command.
The fire crab breathes flames at you. The blast of flame engulfs you.
You are engulfed in blazing flames.
You are engulfed in blazing flames.
Okay, then.
Okay, then.
Okay, then.
You feel yourself speed up. The fire crab breathes flames at you.
The blast of flame engulfs you but does no damage.
You are engulfed in blazing flames.
You are engulfed in blazing flames.
* * * LOW HITPOINT WARNING * * *
You are engulfed in blazing flames.
You die...

######### #.......# #####
### #.#####.# ##...## #
##.#####.#####.#
#.....######
#......)....##.#
###..........#
>....###)##.##.#
#........###.# ....##
#)##.##.# #.##...#.###.#
##.##
#.##.########..#..##.##...
#.#
#......#°@.###.#.###.##...
#.# ###..#.#°#.# #.#.#
#.##... #'# #..#.#°#.#
#.#.###.#####
##########.#.#○#<#
#.#.#...#
÷......['..#.#t#.#
#.#.##### #
#########..#.#.#.#
#.#.##<## ## {* , ,{
##...#.#####.#.#...####. *
* #....#.......#........(.
* ,
##....#########....####.


You could see a fire crab.

Vanquished Creatures
  A cyclops (D:11)
  An unseen horror (D:7)
  A komodo dragon (D:10)
  A troll (D:10)
  Sigmund (D:6)
  2 shadows
  A wraith (D:11)
  3 wyverns
  Eustachio (D:4)
  11 yaks
  3 steam dragons
  3 acid dragons
  A water moccasin (D:6)
  5 orc warriors
  2 sky beasts
  3 ice beasts (D:6)
  2 ogres (D:6)
  9 centaurs
  A phantom (D:5)
  3 bullfrogs
  4 scorpions
  11 wights
  2 howler monkeys
  A jelly (D:7)
  A hound (D:4)
  2 gnoll boudas
  7 orc priests
  Jessica (D:3)
  An iguana (D:5)
  12 orc wizards
  6 gnolls
  5 adders
  A shadow imp (D:6)
  2 white imps (D:7)
  A worm (D:3)
  2 dart slugs
  54 orcs
  2 endoplasms (D:3)
  2 giant cockroaches
  3 hobgoblins
  8 quokkas
  5 ball pythons
  4 bats
  2 frilled lizards
  7 goblins
  3 kobolds
  3 rats
207 creatures vanquished.

Vanquished Creatures (collateral kills)
  A two-headed ogre (D:10)
1 creature vanquished.

Grand Total: 208 creatures vanquished

Notes
Turn   | Place    | Note
-------+----------+-------------------------------------------
     0 | D:1      | buriedalive the Deep Elf Ice Elementalist began the quest
                  | for the Orb.
     0 | D:1      | Reached XP level 1. HP: 10/10 MP: 6/6
    76 | D:1      | Got the Grimoire of Voltage
   923 | D:2      | Reached XP level 2. HP: 15/15 MP: 5/8
  1229 | D:2      | Found a faded altar of an unknown god.
  1554 | D:2      | Reached skill level 3 in Dodging
  1883 | D:3      | Noticed a scorpion
  1909 | D:3      | Noticed Jessica
  1917 | D:3      | Killed Jessica
  1918 | D:3      | Reached XP level 3. HP: 19/19 MP: 7/10
  1949 | D:4      | Reached skill level 5 in Ice Magic
  2103 | D:4      | Learned a level 3 spell: Ozocubu's Armour
  2107 | D:4      | Learned a level 3 spell: Frozen Ramparts
  2144 | D:3      | Killed a scorpion
  2145 | D:3      | Reached skill level 4 in Dodging
  2145 | D:3      | Reached XP level 4. HP: 24/24 MP: 6/12
  2533 | D:3      | Reached XP level 5. HP: 28/28 MP: 14/14
  2792 | D:4      | Reached skill level 5 in Spellcasting
  3201 | D:4      | Noticed Eustachio
  3218 | D:4      | Killed Eustachio
  3219 | D:4      | Reached skill level 5 in Dodging
  3219 | D:4      | Reached XP level 6. HP: 18/32 MP: 6/15
  3583 | D:4      | Reached skill level 6 in Dodging
  3939 | D:5      | Entered Level 5 of the Dungeon
  3984 | D:5      | Reached XP level 7. HP: 32/36 MP: 12/16
  4241 | D:5      | Reached skill level 7 in Dodging
  4431 | D:5      | Found Kiumm's Assorted Antiques.
  4824 | D:6      | Noticed Sigmund
  4838 | D:6      | Killed Sigmund
  4839 | D:6      | Reached XP level 8. HP: 36/41 MP: 10/17
  4911 | D:6      | Reached skill level 8 in Dodging
  5179 | D:6      | Found a stormy altar of Qazlal.
  5253 | D:6      | You fall into a shaft and drop 3 floors!
  5332 | D:9      | Found an ornate altar of the Wu Jian Council.
  5332 | D:9      | Found a bloodstained altar of Trog.
  5333 | D:9      | Found a hazy altar of Hepliaklqana.
  5399 | D:8      | Found a broken altar of Ashenzari.
  5411 | D:8      | Reached skill level 9 in Dodging
  5460 | D:8      | Became a worshipper of Ashenzari the Shackled
  5491 | D:7      | Found a staircase to the Ecumenical Temple.
  6014 | D:6      | Reached XP level 9. HP: 45/45 MP: 11/18
  6063 | D:6      | Reached skill level 10 in Dodging
  6063 | D:6      | Reached skill level 10 in Ice Magic
  6862 | D:7      | Killed an unseen horror
  6863 | D:7      | Reached skill level 11 in Dodging
  6963 | D:7      | Gained mutation: Your flesh is cold resistant. (rC+)
                  | [potion of mutation]
  7137 | D:7      | Learned a level 4 spell: Summon Ice Beast
  7168 | D:8      | Reached skill level 1 in Summonings
  7231 | D:8      | Reached skill level 1 in Fighting
  7530 | D:8      | Reached * piety under Ashenzari
  7578 | D:8      | Noticed a purple ugly thing
  7578 | D:8      | Noticed a centaur warrior
  7579 | D:8      | Noticed a yaktaur
  7587 | D:8      | Found the +5 demon whip "Spellbinder" {antimagic, disrupt,
                  | Will+}
  7592 | D:8      | Identified the +0 leather armour "Hopaer" {rC+}
  7746 | D:8      | Found Kexy's Armour Shoppe.
  7861 | D:8      | Bought a +0 cloak of poison resistance for 136 gold pieces
  8550 | D:9      | Reached XP level 10. HP: 54/56 MP: 15/20
  8717 | D:9      | Found an iron altar of Okawaru.
  8821 | D:9      | Found a staircase to the Orcish Mines.
  8883 | D:9      | Reached ** piety under Ashenzari
  8926 | D:9      | Reached skill level 5 in Summonings
  9541 | D:9      | Reached skill level 1 in Armour
  9941 | D:10     | Entered Level 10 of the Dungeon
 10084 | D:10     | Found a runed translucent door.
 10085 | D:10     | Noticed ojifijod's ghost (journeyman VSBr)
 10108 | D:10     | Found a portal to a secret trove of treasure.
 10109 | D:10     | Noticed a two-headed ogre
 10116 | D:10     | Killed a two-headed ogre
 10122 | D:10     | Learned a level 3 spell: Teleport Other
 10261 | D:10     | Reached skill level 1 in Translocations
 10264 | D:10     | Reached skill level 5 in Fighting
 11357 | D:11     | Found a runed translucent door.
 11361 | D:11     | Noticed a fire crab
 11384 | D:11     | Reached XP level 11. HP: 58/67 MP: 12/23
 11939 | D:11     | Found a staircase to the Lair.
 12427 | D:11     | Identified the +5 quarterstaff "Zusmuyda" {heavy, *Corrode
                  | Str+7}
 13132 | D:11     | Engulfed by a fire crab's flame

Illustrated notes

Levels and vault maps discovered:
D:1:      mrwooster_arrival_arrow, layout_basic, minmay_misc_feat_iff,
          dk_noncrumbling_3, grunt_decor_resistance
D:2:      layout_basic, dreamdust_ecumenical_altar_hidden_monk_grotto,
          minivault_25
D:3:      cheibrodos_helix_gallery, layout_rooms, uniq_jessica
D:4:      layout_loops_ring, uniq_eustachio
D:5:      layout_basic, serial_shops, nicolae_shop_dealshenge,
          kennysheep_minor_cross
D:6:      layout_basic, grunt_qazlal_sundering, uniq_sigmund
D:7:      layout_rooms, minmay_temple_entry_grid
D:8:      layout_layer_cave, mainiacjoe_overflow_cross_hatched, serial_shops,
          nicolae_shop_waterfront, onia_ninara_dug_in_and_dangerous
D:9:      layout_stronghold, okawaru_trees_1,
          gammafunk_temple_overflow_forgotten, hiddenorc1_lemuel,
          grunt_ministairs_15
D:10:     layout_gridville, nicolae_trove_entry_free_sample,
          ebering_ghost_reflecting_pool, hangedman_decor_slide_cut
D:11:     gammafunk_mikee_crab_dinner, layout_loops_corners, lair_entry_dummy,
          serial_co_window_serial, co_window_paths_b, co_window_paths_a,
          co_window_paths_b, co_window_of_opportunity_a, co_window_paths_b,
          co_window_corner_a, co_window_paths_a, co_window_corner_b,
          co_window_of_opportunity_b, co_window_corner_ca, glass_columns_a

Skill      XL: |  1  2  3  4  5  6  7  8  9 10 11 |
---------------+----------------------------------+-----
Dodging        | 3 4 5 6 7 9 11 | 11.0
Spellcasting   | 4 5 |  5.0
Ice Magic      | 5 6 8 9 10 | 10.8
Summonings     | 4 6 |  6.1
Fighting       | 3 5 6 |  6.0
Armour         | 3 4 |  4.3
Translocations | 3 4 |  4.6
Stealth        | |  2.4

Action                     |  1- 3 |  4- 6 |  7- 9 | 10-12 || total
---------------------------+-------+-------+-------+-------++-------
  Melee: Unarmed           |     7 |       |       |       ||     7
         Dagger            |    12 |    37 |    34 |       ||    83
         Scimitar          |       |       |   119 |   135 ||   254
         Punch             |       |       |     1 |     3 ||     4
  Throw: Dart              |     1 |     2 |     5 |       ||     8
   Cast: Freeze            |    32 |    27 |    21 |     4 ||    84
         Frozen Ramparts   |     1 |    14 |    34 |    40 ||    89
         Ozocubu's Armour  |       |     2 |    25 |    21 ||    48
         Summon Ice Beast  |       |       |       |     3 ||     3
 Invoke: Curse Item        |       |       |     2 |     1 ||     3
    Use: Potion            |       |     3 |     4 |     2 ||     9
         Scroll            |       |     4 |    14 |     2 ||    20
   Stab: Sleeping          |     2 |     3 |     3 |       ||     8
 Armour: Robe              |     7 |    18 |    62 |    12 ||    99
         Skin              |       |     4 |       |       ||     4
         Leather armour    |       |       |       |    94 ||    94
  Dodge: Dodged            |    34 |    55 |   167 |   188 ||   444
